 Dungeon Crawl Stone Soup version 0.24.0-125-gc4c63601f3 (webtiles) character file.

Game seed: 9579501945270579509, levelgen mode: deterministic

121 Amplified the Magician (level 5, -8/41 HPs)
             Began as a Barachi Wizard on Mar 7, 2020.
             Mangled by an orc
             ... wielding a +0 war axe
              (9 damage)
             ... on level 3 of the Dungeon.
             The game lasted 00:06:28 (2873 turns).

Amplified the Magician (Barachi Wizard)             Turns: 2873, Time: 00:06:28

Health: -8/41      AC:  5    Str:  8    XL:     5   Next: 5%
Magic:  8/11       EV: 12    Int: 19    God:
Gold:   111        SH:  0    Dex: 11    Spells: 5/12 levels left

rFire    x . .     SeeInvis .   c - +0 spear (curse)
rCold    + . .     Gourm    .   (no shield)
rNeg     . . .     Faith    .   a - +0 robe
rPois    .         Spirit   .   b - +0 hat
rElec    .         Reflect  .   j - +2 cloak
rCorr    .         Harm     .   (no gloves)
MR       .....                  (no boots)
Stlth    ++........             (no amulet)
HPRegen  0.13/turn              f - ring of ice
MPRegen  0.12/turn              (no ring)

@: slow
A: +LOS, swims, slowness 1, strong legs 1
a: Hop


You were on level 3 of the Dungeon.
You were hungry.

You visited 1 branch of the dungeon, and saw 3 of its levels.

You collected 111 gold pieces.

Inventory:

Hand Weapons
 c - a cursed +0 spear (weapon)
 e - a +2 short sword of draining
Armour
 a - a +0 robe (worn)
 b - a +0 hat (worn)
 j - a +2 cloak (worn)
Jewellery
 f - a ring of ice (left hand)
Comestibles
 d - 4 rations


   Skills:
 * Level 3.0 Fighting
 - Level 2.1 Dodging
 - Level 1.7 Stealth
 * Level 4.2 Spellcasting
 * Level 3.0 Conjurations
 - Level 1.2 Summonings
 - Level 1.1 Translocations


You had 5 spell levels left.
You knew the following spells:

 Your Spells              Type           Power        Failure   Level  Hunger
a - Mephitic Cloud        Conj/Pois/Air  #.......     26%         3    ###....
b - Call Imp              Summ           #.......     12%         2    #......
c - Blink                 Tloc           N/A          13%         2    #......

Your spell library contained the following spells:

 Spells                   Type           Power        Failure   Level  Hunger
 Magic Dart               Conj           ###.         4%          1    None
 Slow                     Hex            #.......     21%         2    #......
 Conjure Flame            Conj/Fire      #.......     22%         3    ###....


Dungeon Overview and Level Annotations

Branches:
Dungeon (3/15)

Altars:
Gozag
Ru
Zin

Annotations:
D:3 Terence


Innate Abilities, Weirdness & Mutations

Shadows flee at your approach. (+LOS)
You can swim through water.
You cover ground slowly.
You can hop short distances.


Message History

The goblin dies!
You see here a kobold skeleton.
Your crimson imp hits Terence but does no damage.
Your crimson imp blinks!
You see here a stone.
Terence hits you with a +0 flail.
* * * LOW HITPOINT WARNING * * *
You see here a kobold skeleton.
Casting: Call Imp (safe; 12% risk of failure)
Confirm with . or Enter, or press ? or * to list all spells.
You blink.
There is a stone staircase leading down here.
Terence bares his teeth.
Terence hits you with a +0 flail!
* * * LOW HITPOINT WARNING * * *
Casting: Blink (safe; 13% risk of failure)
Confirm with . or Enter, or press ? or * to list all spells.
You blink.
The orc hits you with a +0 war axe!
You die...

##
##.##.).##...............≈
#
#..########.###.#######.≈
# ##(#.#.# #...#.# .
#.(÷.(.#####.#.#.#
#...#[#.5.÷.........#
#.###†##########..### # #
#$..oJ.# #..# . #.####@#
#.5## . #.# #.# #@>.# ...
#S# ##o@# ...#.##o## #..#
..........#####..#
...<.#.........§..#
...##.##....######.# ...
........# .# #>##.#%.# .#
.. ....... ..


You could see Terence, an orc and a friendly crimson imp.

Vanquished Creatures
  An adder (D:3)
  An ooze (D:2)
  A worm (D:2)
  A dart slug (D:1)
  4 orcs (D:3)
  2 giant cockroaches
  5 goblins
  2 hobgoblins
  5 jackals (D:1)
  A ball python (D:3)
  5 bats
  3 frilled lizards (D:2)
  11 kobolds
  6 rats
48 creatures vanquished.

Vanquished Creatures (collateral kills)
  4 adders
  An ooze (D:3)
  A worm (D:3)
  A dart slug (D:1)
  4 leopard geckos (D:2)
  An orc (D:3)
  A ball python (D:2)
  2 goblins
  4 hobgoblins
  2 quokkas (D:2)
  5 bats
  7 frilled lizards
  A kobold (D:1)
  4 rats
38 creatures vanquished.

Grand Total: 86 creatures vanquished

Notes
Turn   | Place    | Note
-------+----------+-------------------------------------------
     0 | D:1      | Amplified the Barachi Wizard began the quest for the Orb.
     0 | D:1      | Reached XP level 1. HP: 13/13 MP: 4/4
   192 | D:1      | Reached skill level 1 in Fighting
   192 | D:1      | Reached XP level 2. HP: 12/21 MP: 0/6
   252 | D:1      | Learned a level 2 spell: Call Imp
   255 | D:1      | Learned a level 2 spell: Blink
   937 | D:1      | Reached XP level 3. HP: 15/26 MP: 5/8
   995 | D:1      | Learned a level 3 spell: Mephitic Cloud
  2011 | D:2      | Reached XP level 4. HP: 31/33 MP: 6/9
  2091 | D:2      | Reached skill level 4 in Spellcasting
  2577 | D:3      | Found an opulent altar of Gozag.
  2595 | D:3      | Found a glowing silver altar of Zin.
  2666 | D:3      | Found a sacrificial altar of Ru.
  2741 | D:3      | Noticed Terence
  2848 | D:3      | Reached XP level 5. HP: 15/41 MP: 11/11
  2870 | D:3      | HP: 1/41 [Terence/+0 flail (7)]
  2873 | D:3      | Mangled by an orc

Levels and vault maps discovered:
D:1:      denvon_arrival_planthouse, layout_basic
D:2:      layout_loops_ring, minmay_lizard_king
D:3:      layout_loops_ring, grunt_temple_overflow_gold_and_silver,
          lemuel_round_altar, first_ration, cheibrodos_sewer_entry_sluice,
          kennysheep_generic_room_5, uniq_terence

Skill      XL: |  1  2  3  4  5 |
---------------+----------------+-----
Fighting       | 1 2 3 |  3.0
Conjurations   | 2 3 |  3.0
Spellcasting   | 4 |  4.2
Dodging        | |  2.1
Stealth        | |  1.7
Summonings     | |  1.2
Translocations | |  1.1

Action                   |  1- 3 |  4- 6 || total
-------------------------+-------+-------++-------
Melee: Unarmed           |    20 |       ||    20
       Spear             |   100 |   155 ||   255
 Cast: Magic Dart        |    31 |       ||    31
       Call Imp          |    19 |    16 ||    35
       Blink             |       |     3 ||     3
  Use: Scroll            |     3 |     3 ||     6
       Potion            |       |     1 ||     1
 Stab: Sleeping          |     2 |       ||     2
  Eat: Chunk             |     5 |     3 ||     8
Armor: Robe              |    32 |    73 ||   105
Dodge: Dodged            |    83 |   124 ||   207
